Map: New Repugnancy LE

Players

PengWin

  • Race: Zerg Zerg
  • Spawn Location: 7:00

Zanster - Winner!

  • Race: Zerg Zerg
  • Spawn Location: 1:00

Event: 2019 WCS Summer

VOD

Have the link to the VOD?

Description

Time

  • Played on: July 12, 2019, 6:14 a.m.
  • Length: 12:24

All games in this series

Show
View Real Time Build Order
Export as new Build Order

PengWin Zerg 

Build Orders: Pool First, Lurkers 

Get SALT Encoding   

  12  0:01  Drone  
  13  0:12  Overlord  
  13  0:17  Drone  
  14  0:32  Drone  
  15  0:39  Spawning Pool  
  15  0:40  Drone  
  15  0:46  Extractor  
  14  0:50  Drone x2  
  16  0:58  Drone  
  17  1:17  Hatchery  
  16  1:26  Zergling x4  
  16  1:28  Zergling x2  
  19  1:39  Queen  
  21  1:54  Metabolic Boost  
  21  2:01  Overlord  
  21  2:03  Drone  
  22  2:19  Queen  
  24  2:23  Zergling x4  
  24  2:28  Zergling x2  
  24  2:46  Queen  
  24  2:48  Drone  
  24  2:49  Drone x3  
  30  3:04  Drone x4  
  34  3:12  Baneling Nest  
  33  3:18  Zergling x2  
  34  3:24  Overlord  
  33  3:34  Drone x3  
  35  3:47  Zergling x10  
  37  3:51  Spine Crawler  
  37  3:55  Baneling x2  
  36  3:57  Zergling x2  
  37  4:07  Zergling x2  
  37  4:08  Zergling x12  
  37  4:09  Baneling x2  
  43  4:22  Overlord  
  43  4:23  Lair  
  43  4:39  Overlord  
  43  4:40  Drone x6  
  49  4:46  Drone  
  44  5:15  Drone x2, Extractor  
  44  5:16  Drone, Extractor x2  
  44  5:17  Drone  
  44  5:18  Drone x6  
  51  5:31  Zergling x4  
  51  5:33  Spire  
  52  5:36  Zergling x2, Hatchery  
  52  5:37  Zergling x4  
  54  5:45  Baneling x2  
  54  5:46  Baneling  
  54  5:48  Baneling  
  54  5:52  Zergling x10  
  59  6:00  Overlord  
  59  6:01  Overlord x2  
  55  6:28  Drone x3  
  55  6:29  Drone  
  55  6:31  Overlord  
  59  6:45  Mutalisk x6  
  71  6:54  Drone  
  71  6:55  Drone  
  70  7:02  Queen  
  70  7:03  Drone x9  
  81  7:26  Mutalisk x4  
  81  7:28  Overlord x3  
  89  7:34  Extractor  
  89  7:36  Extractor  
  87  7:45  Drone x3  
  87  7:48  Hydralisk Den, Zerg Flyer Weapons Level 1  
  87  7:50  Evolution Chamber  
  88  8:04  Drone  
  88  8:05  Drone x11  
  100  8:17  Zerg Missile Weapons Level 1  
  100  8:19  Mutalisk  
  100  8:20  Mutalisk, Lurker Den  
  100  8:22  Hatchery  
  102  8:32  Overlord x2  
  102  8:57  Drone  
  102  8:58  Drone x7  
  102  9:00  Extractor  
  109  9:03  Hydralisk x10, Extractor  
  109  9:06  Overseer  
  109  9:07  Overseer  
  109  9:09  Overseer  
  128  9:28  Overlord x2  
  128  9:29  Overlord  
  128  9:32  Overseer  
  128  9:38  Queen  
  130  9:42  Zergling x12  
  136  9:58  Lurker  
  136  9:59  Lurker x9  
  142  10:01  Zergling x2  
  142  10:02  Zergling x34  
  150  10:26  Burrow  
  108  10:50  Mutalisk x5  
  108  10:51  Mutalisk  
  109  11:09  Mutalisk, Hatchery  
  109  11:10  Mutalisk x5  
Show
View Real Time Build Order
Export as new Build Order

Zanster Zerg - Winner!

Build Orders: Pool First 

Get SALT Encoding   

  12  0:00  Drone  
  13  0:12  Overlord  
  13  0:17  Drone  
  14  0:31  Drone x2  
  16  0:42  Spawning Pool  
  15  0:44  Drone  
  15  0:48  Drone  
  17  0:56  Drone  
  18  1:10  Extractor  
  17  1:14  Hatchery  
  16  1:29  Zergling x6  
  19  1:33  Queen  
  21  1:41  Zergling x2  
  22  1:51  Overlord  
  22  2:09  Queen  
  22  2:11  Zergling x2  
  25  2:15  Metabolic Boost  
  25  2:17  Drone  
  26  2:23  Drone  
  26  2:28  Drone  
  28  2:37  Drone x2  
  28  2:42  Drone, Baneling Nest  
  30  2:44  Drone  
  30  2:46  Drone  
  32  2:53  Overlord  
  32  2:56  Drone  
  32  2:59  Drone  
  32  3:03  Drone  
  34  3:09  Drone  
  35  3:13  Drone  
  35  3:16  Zergling x2  
  35  3:17  Zergling x4  
  39  3:20  Zergling x6  
  42  3:32  Baneling x2  
  39  3:37  Drone x4  
  43  3:43  Overlord  
  43  3:45  Drone  
  43  3:53  Zergling x2  
  44  4:03  Drone x3  
  44  4:04  Hatchery  
  44  4:05  Drone  
  44  4:08  Drone  
  44  4:09  Drone  
  48  4:12  Drone  
  48  4:13  Drone  
  48  4:16  Drone  
  50  4:22  Overlord  
  50  4:23  Queen  
  52  4:35  Baneling  
  52  4:36  Baneling x2  
  52  4:40  Zergling x12  
  52  4:43  Queen  
  60  4:45  Overlord  
  60  4:47  Baneling  
  60  4:57  Zergling x10  
  60  5:03  Baneling x2  
  60  5:04  Overlord  
  59  5:17  Overlord  
  59  5:19  Drone  
  59  5:20  Drone x4, Extractor  
  63  5:22  Roach Warren  
  63  5:23  Evolution Chamber  
  63  5:28  Drone x3  
  64  5:33  Drone  
  64  5:35  Drone  
  66  5:38  Drone  
  66  5:40  Extractor  
  66  5:42  Queen  
  68  5:46  Overlord  
  68  5:52  Drone x8  
  68  5:56  Zerg Missile Weapons Level 1  
  76  5:57  Lair  
  76  6:04  Drone x3  
  76  6:11  Overlord  
  79  6:14  Drone  
  79  6:16  Drone  
  79  6:18  Overlord  
  81  6:19  Drone  
  81  6:21  Drone  
  81  6:22  Drone  
  81  6:23  Drone, Overlord  
  83  6:31  Overlord  
  82  6:35  Drone x7  
  82  6:36  Extractor  
  82  6:38  Extractor  
  87  6:43  Overlord  
  87  6:50  Overlord  
  87  6:51  Queen x2  
  91  7:00  Roach x9  
  107  7:02  Roach  
  107  7:03  Overlord  
  108  7:09  Overlord  
  110  7:15  Roach  
  110  7:16  Roach  
  110  7:19  Spore Crawler  
  110  7:21  Hatchery, Spore Crawler  
  109  7:23  Spore Crawler x2  
  107  7:31  Spore Crawler  
  107  7:32  Drone x6  
  107  7:33  Drone  
  107  7:35  Overlord  
  112  7:42  Drone x2  
  114  7:44  Spore Crawler  
  114  7:45  Hydralisk Den  
  114  7:48  Overlord  
  112  7:56  Overlord  
  112  8:00  Infestation Pit, Drone x3  
  112  8:02  Extractor  
  113  8:06  Glial Reconstitution, Zerg Missile Weapons Level 2  
  113  8:08  Drone x2  
  115  8:13  Overlord  
  115  8:14  Spore Crawler  
  115  8:17  Overlord  
  114  8:20  Hydralisk x5, Muscular Augments  
  114  8:23  Hydralisk  
  114  8:26  Hydralisk  
  128  8:30  Hydralisk x2  
  128  8:31  Hydralisk  
  134  8:36  Drone  
  134  8:37  Overlord  
  134  8:39  Spore Crawler  
  134  8:44  Infestor x3  
  140  8:51  Spore Crawler  
  140  8:52  Overlord x2  
  139  8:56  Infestor  
  139  8:58  Overlord x2  
  141  9:03  Hydralisk x3  
  147  9:12  Hydralisk x3  
  147  9:14  Drone  
  147  9:15  Drone x3  
  158  9:17  Drone  
  158  9:19  Drone  
  158  9:21  Drone  
  158  9:22  Drone x2  
  162  9:25  Drone  
  163  9:33  Grooved Spines  
  163  9:34  Roach x5  
  163  9:35  Overseer  
  163  9:38  Roach  
  175  9:40  Roach x2  
  175  9:42  Overseer  
  179  9:47  Hydralisk  
  179  9:48  Hydralisk x2  
  185  10:03  Roach x7  
  199  10:08  Extractor  
  199  10:09  Extractor  
  197  10:14  Hive  
  197  10:16  Lurker Den  
  196  10:25  Hatchery  
  195  10:34  Roach x6  
  198  10:39  Ravager x4  
  188  10:56  Hydralisk x7  
  172  11:09  Roach Warren  
  171  11:18  Overlord  
  171  11:22  Hatchery  
  166  11:54  Roach x9  
Tags
 
Add a new tag
Caveats
  • Supply blocks, unpowered buildings, or Contaminate may cause inaccurate times.
  • Supply counts are checked every 10 seconds.